 Dungeon Sprint DCSS version 0.20.1-1-g8b1a95d (webtiles) character file.

28438 potatolord6000 the Apostle (level 13, -22/137 HPs)
             Began as a Hill Orc Fighter on Aug 31, 2017.
             Was a High Priest of Beogh.
             Shot with a bolt by a yaktaur captain (31 damage)
             ... in the Dungeon (Sprint VII: "The Pits").
             The game lasted 00:25:59 (3756 turns).

potatolord6000 the Apostle (Hill Orc Fighter)       Turns: 3756, Time: 00:26:00

Health: -22/137    AC: 28    Str: 24    XL:     13   Next: 38%
Magic:  7/27       EV: 16    Int:  8    God:    Beogh [*****.]
Gold:   39         SH:  0    Dex: 13    Spells: 12/12 levels left

rFire    . . .     SeeInvis .   t - +8 demon blade "Bloodbane" {slice, *Rage +Rage Stlth-}
rCold    . . .     Gourm    .   (no shield)
rNeg     . . .     Faith    .   u - +8 chain mail
rPois    .         Spirit   .   (no helmet)
rElec    .         Reflect  .   v - +0 cloak
rCorr    .         Harm     .   e - +2 pair of gloves
MR       .....     Rnd*Rage +   (no boots) Stlth ..........NoTele +
                                (no amulet)
Regen    0.4/turn               d - +3 ring of evasion
MPRegen  0.2/turn               l - +3 ring of dexterity

@: lethally poisoned (-22 -> -22), very slightly contaminated
A: walk on water
a: Smiting, Recall Orcish Followers, Give Item to Named Follower, Renounce
Religion, Evoke Berserk Rage


You were in the Dungeon.
You worshipped Beogh.
Beogh was extremely pleased with you.
You were not hungry.

You visited 1 branch You collected 39 gold pieces.

Inventory:

Hand Weapons
 t - the +8 demon blade "Bloodbane" (weapon) {slice, *Rage +Rage Stlth-}
   (You found it in the Dungeon)

   It inflicts extra damage upon your enemies.
   It lets you go berserk.
   It may make you go berserk in combat.
   It makes you less stealthy.
 x - a +6 great sword
 y - a +0 triple sword of flaming
Armour
 e - a +2 pair of gloves (worn)
 u - a +8 chain mail (worn)
 v - a +0 cloak (worn)
 D - the +1 leather armour of Cilaojan {*Drain rElec rPois MR+++}
   (You found it in the Dungeon)

   It insulates you from electricity.
   It protects you from poison.
   It affects your resistance to hostile enchantments.
   It causes draining when unequipped.
Jewellery
 d - a +3 ring of evasion (left hand)
 l - a +3 ring of dexterity (right hand)
Scrolls
 c - 4 scrolls of identify
 m - 4 scrolls of remove curse
 n - 5 scrolls of amnesia
 o - a scroll of summoning
 w - 2 scrolls of magic mapping
 z - a scroll of fog
Potions
 a - a potion of invisibility
 g - a potion of curing
 h - a potion of flight {unknown}
 i - a potion of magic
 j - 3 potions of berserk rage
 r - a potion of resistance
 s - a potion of brilliance
 B - 4 potions of haste
 E - a potion of cancellation {unknown}
Comestibles
 f - 12 bread rations
 p - 40 fruits
 q - 7 meat rations


   Skills:
 + Level 19.1 Fighting
 + Level 13.4 Long Blades
   Level 2.9 Axes
 + Level 17.6 Armour
 + Level 8.6 Dodging
   Level 13.6 Shields
 + Level 20.2 Invocations


You had 12 spell levels left.
You didn't know any spells.

Dungeon Overview and Level Annotations

Branches:
Dungeon (1/1)

Altars:
Ashenzari
Cheibriados
Dithmenos
Elyvilon
Fedhas
Gozag
Hepliaklqana
Kikubaaqudgha
Makhleb
Nemelex Xobeh
Okawaru
Qazlal
Ru
Sif Muna
Trog
Uskayaw
Vehumet
Xom
Yredelemnul
Zin
The Shining One
Beogh
Jiyva
Lugonu

Annotations:
D Nergalle


Message History

Press: ? - help, Dir - move target cursor, f - yaktaur captain Smite: a yaktaur captain, wielding an arbalest You smite the yaktaur captain!
The yaktaur captain is moderately wounded.
The naga warrior barely misses Nergalle.
The naga warrior closely misses Nergalle.
The wolf spider hits Nergalle!!
The wolf spider misses Nergalle.
The yaktaur captain shoots a bolt.
The bolt hits you!!
* * * LOW HITPOINT WARNING * * *
The water elemental hits Nergalle.
Nergalle dies!
Unknown command.
Unknown command.
Aiming: Smiting
Press: ? - help, Dir - move target cursor, f/p - yaktaur captain Smite: a yaktaur captain, wielding an arbalest (moderately wounded)
You smite the yaktaur captain!
The yaktaur captain is heavily wounded.
You feel sick.
The yaktaur captain shoots a bolt.
The bolt hits you!!
You die...

.# .# .# .# .+ .+ +#
+###############################+
................@................
....................[..........).
.##############cs##############).
.# #..ooNE.Z# #(. .# #.#.N)E#Z#
#.. .# ......)..Z.. #.. .#
#.#.#..(.#.#.# #.. .#
#......).(...# #.. .#
#.#.#....#.#.# #..


You could see 2 naga warriors, a yaktaur captain, 2 orc knights, a wolf spider,
an earth elemental and a water elemental.

Vanquished Creatures
  A deep elf blademaster (D)
  A nagaraja (D)
  An orc warlord (D)
  A spriggan defender (D)
  A purple draconian (D)
  A white draconian (D)
  An ettin (D)
  A great orb of eyes (D)
  A yaktaur captain (D)
  A naga warrior (D)
  A vault guard (D)
  2 death knights (D)
  A vampire mage (D)
  Sonja (D)
  A deep elf knight (D)
  Nergalle (D)
  2 fire crabs (D)
  An unseen horror (D)
  2 deep trolls (D)
  2 sea snakes (D)
  2 flayed ghosts (D)
  A swamp dragon (D)
  2 orc knights (D)
  2 deep elf magi (D)
  An orc sorcerer (D)
  A cyclops (D)
  A manticore (D)
  Maurice (D)
  Psyche (D)
  A black mamba (D)
  An orange demon (D)
  A naga mage (D)
  An eye of devastation (D)
  2 efreet (D)
  A freezing wraith (D)
  A tyrant leech (D)
  4 dream sheep (D)
  A bog body (D)
  A flying skull (D)
  A wraith (D)
  A shadow (D)
  A small abomination (D)
  2 yaks (D)
  A soldier ant (D)
  3 nagas (D)
  A floating eye (D)
  A porcupine (D)
  An orc warrior (D)
  A necrophage (D)
  An ogre (D)
  A centaur (D)
  A crocodile (D)
  Blork the orc (D)
  2 scorpions (D)
  3 wights (D)
  A hound (D)
  An iron imp (D)
  An orc priest (D)
  A gnoll shaman (D)
  An iguana (D)
  An orc wizard (D)
  A hell rat (D)
  A worker ant (D)
  8 gnolls (D)
  An ufetubus (D)
  2 adder zombies (D)
  An adder simulacrum (D)
  An orc (D)
  A goblin (D)
  A hobgoblin (D)
  3 jackals (D)
  5 ball pythons (D)
  A frilled lizard (D)
  A giant cockroach zombie (D)
105 creatures vanquished.

Vanquished Creatures (collateral kills)
  A merfolk aquamancer (D)
  2 orc knights (D)
  A necromancer (D)
  A wind drake (D)
  A merfolk (D)
  A jumping spider (D)
  2 dream sheep (D)
  A hornet (D)
  A small abomination (D)
  A flying skull (D)
  A spriggan (D)
  A fire elemental (D)
  A fire bat (D)
  A tarantella (D)
  4 yaks (D)
  A water elemental (D)
  A chaos spawn (D)
  A naga (D)
  A swamp drake (D)
  An orc warrior (D)
  A crocodile (D)
  A gnoll sergeant (D)
  A wight (D)
  A crimson imp (D)
  2 gnolls (D)
  An adder zombie (D)
  An orc (D)
  A bat skeleton (D)
  A rat (D)
35 creatures vanquished.

Vanquished Creatures (others)
  An orc warlord (D)
  Nergalle (D)
  7 orc knights (D)
  4 orcs (D)
  A kobold (D)
14 creatures vanquished.

Grand Total: 154 creatures vanquished

Notes
Turn   | Place    | Note
-------+----------+-------------------------------------------
     0 | D        | potatolord6000 the Hill Orc Fighter began the quest for the Orb.
     0 | D        | Reached XP level 1. HP: 19/19 MP: 1/1
    49 | D        | Found a bloodstained altar of Trog.
    49 | D        | Found a deep blue altar of Sif Muna.
    49 | D        | Found a viscous altar of Jiyva.
    49 | D        | Found a hazy altar of Hepliaklqana.
    49 | D        | Found an opulent altar of Gozag.
    50 | D        | Found a glowing golden altar of the Shining One.
    50 | D        | Found a glowing silver altar of Zin.
    50 | D        | Found a basalt altar of Yredelemnul.
    50 | D        | Found a shimmering altar of Xom.
    50 | D        | Found a sacrificial altar of Ru.
    50 | D        | Found a stormy altar of Qazlal.
    50 | D        | Found an iron altar of Okawaru.
    50 | D        | Found a sparkling altar of Nemelex Xobeh.
    50 | D        | Found a burning altar of Makhleb.
    50 | D        | Found a blossoming altar of Fedhas.
    50 | D        | Found a white marble altar of Elyvilon.
    50 | D        | Found a shadowy altar of Dithmenos.
    50 | D        | Found a snail-covered altar of Cheibriados.
    52 | D        | Found a radiant altar of Vehumet.
    52 | D        | Found a corrupted altar of Lugonu.
    52 | D        | Found a roughly hewn altar of Beogh.
    53 | D        | Found a hide-covered altar of Uskayaw.
    53 | D        | Found an ancient bone altar of Kikubaaqudgha.
    53 | D        | Found a shattered altar of Ashenzari.
    62 | D        | Became a worshipper of Beogh the Brigand
    80 | D        | Noticed a worker ant
    90 | D        | Killed a worker ant
    90 | D        | Reached skill level 3 in Invocations
    90 | D        | Reached XP level 2. HP: 11/28 MP: 1/4
    90 | D        | Reached XP level 3. HP: 14/35 MP: 1/5
    97 | D        | Reached skill level 5 in Fighting
   302 | D        | Noticed a floating eye
   304 | D        | Paralysed by a floating eye for 2 turns
   306 | D        | Reached * piety under Beogh
   309 | D        | Killed a floating eye
   309 | D        | Reached skill level 6 in Invocations
   309 | D        | Reached XP level 4. HP: 45/45 MP: 5/8
   309 | D        | Reached XP level 5. HP: 51/51 MP: 5/9
   354 | D        | Reached ** piety under Beogh
   375 | D        | Reached *** piety under Beogh
   567 | D        | Reached **** piety under Beogh
   567 | D        | Reached skill level 7 in Invocations
   585 | D        | Noticed a porcupine
   586 | D        | Killed a porcupine
   586 | D        | Reached skill level 8 in Invocations
   586 | D        | Reached XP level 6. HP: 58/62 MP: 10/12
   724 | D        | Noticed a flying skull
   727 | D        | Killed a flying skull
   727 | D        | Reached skill level 9 in Invocations
   727 | D        | Reached XP level 7. HP: 64/70 MP: 12/14
   736 | D        | Reached ***** piety under Beogh
   792 | D        | Noticed an orc knight
   792 | D        | Noticed a cyclops
   795 | D        | Killed an orc knight
   795 | D        | Reached skill level 10 in Fighting
   795 | D        | Reached skill level 10 in Armour
   795 | D        | Reached skill level 10 in Shields
   795 | D        | Reached skill level 11 in Invocations
   795 | D        | Reached XP level 8. HP: 71/81 MP: 8/16
   874 | D        | Killed a cyclops
  1011 | D        | Noticed a flying skull
  1012 | D        | Noticed a wraith
  1012 | D        | Noticed a tyrant leech
  1015 | D        | Killed a tyrant leech
  1015 | D        | Reached skill level 12 in Invocations
  1019 | D        | Killed a flying skull
  1021 | D        | Killed a wraith
  1021 | D        | Reached XP level 9. HP: 90/90 MP: 8/18
  1037 | D        | Noticed an efreet
  1037 | D        | Noticed a flayed ghost
  1041 | D        | Killed a flayed ghost
  1041 | D        | Reached skill level 13 in Invocations
  1043 | D        | Killed an efreet
  1087 | D        | Reached skill level 14 in Invocations
  1093 | D        | Reached ****** piety under Beogh
  1093 | D        | Reached XP level 10. HP: 68/101 MP: 13/20
  1356 | D        | Noticed Blork the orc
  1357 | D        | Noticed a manticore
  1358 | D        | Noticed an orc sorcerer
  1358 | D        | Killed an orc sorcerer
  1360 | D        | Reached skill level 15 in Invocations
  1362 | D        | Noticed an orc knight
  1362 | D        | Killed a manticore
  1373 | D        | Killed Blork the orc
  1387 | D        | Killed an orc knight
  1623 | D        | Noticed a nagaraja
  1631 | D        | Killed a nagaraja
  1631 | D        | Reached skill level 15 in Fighting
  1631 | D        | Reached skill level 5 in Long Blades
  1636 | D        | Noticed a black mamba
  1641 | D        | Killed a black mamba
  1641 | D        | Reached XP level 11. HP: 43/112 MP: 15/22
  1644 | D        | Reached skill level 16 in Invocations
  1956 | D        | Noticed a flayed ghost
  1964 | D        | Killed a flayed ghost
  2124 | D        | Noticed a deep troll
  2124 | D        | Noticed a sea snake
  2126 | D        | Killed a sea snake
  2127 | D        | Noticed a sea snake
  2129 | D        | Killed a deep troll
  2131 | D        | Killed a sea snake
  2148 | D        | Gained Wardok as an ally
  2160 | D        | Reached skill level 17 in Invocations
  2438 | D        | Reached skill level 1 in Dodging
  2643 | D        | Noticed Maurice
  2657 | D        | Killed Maurice
  2679 | D        | Noticed a fire crab
  2683 | D        | Killed a fire crab
  2683 | D        | Reached skill level 15 in Armour
  2699 | D        | Killed an unseen horror
  2823 | D        | Noticed Nergalle
  2825 | D        | Killed Nergalle
  2855 | D        | Noticed a vampire mage
  2861 | D        | Killed a vampire mage
  2873 | D        | Noticed a death knight
  2879 | D        | Killed a death knight
  2879 | D        | Reached XP level 12. HP: 113/124 MP: 24/24
  2883 | D        | Reached skill level 10 in Long Blades
  2969 | D        | Noticed a great orb of eyes
  2970 | D        | Noticed a white draconian
  2975 | D        | Noticed a naga warrior
  2977 | D        | Noticed Psyche
  2979 | D        | Killed a naga warrior
  2979 | D        | Reached skill level 18 in Invocations
  2989 | D        | Killed a white draconian
  2989 | D        | Reached skill level 5 in Dodging
  2990 | D        | Killed Psyche
  3019 | D        | Noticed a death knight
  3024 | D        | Killed a death knight
  3030 | D        | Killed a great orb of eyes
  3037 | D        | Noticed a deep elf knight
  3040 | D        | Reached skill level 19 in Invocations
  3045 | D        | Killed a deep elf knight
  3047 | D        | Noticed Sonja
  3049 | D        | Killed Sonja
  3059 | D        | Got the +1 leather armour of Cilaojan {*Drain rElec rPois MR+++}
  3394 | D        | Noticed a spriggan rider
  3394 | D        | Noticed a purple draconian
  3394 | D        | Noticed an ettin
  3394 | D        | Noticed a spriggan defender
  3394 | D        | Noticed a deep elf blademaster
  3394 | D        | Noticed a merfolk aquamancer
  3398 | D        | Killed a deep elf blademaster
  3398 | D        | Reached XP level 13. HP: 118/135 MP: 16/26
  3402 | D        | Killed a purple draconian
  3406 | D        | Killed a spriggan defender
  3407 | D        | Killed an ettin
  3428 | D        | Got the ring "Latt" {rCorr SInv}
  3731 | D        | Noticed an orc warlord
  3732 | D        | Noticed an orc warlord
  3732 | D        | Noticed a yaktaur captain
  3733 | D        | Noticed a vault guard
  3734 | D        | Noticed a yaktaur captain
  3734 | D        | Killed an orc warlord
  3734 | D        | Reached skill level 20 in Invocations
  3747 | D        | Killed a vault guard
  3752 | D        | Your ally Wardok died
  3754 | D        | Killed a yaktaur captain
  3755 | D        | Your ally died
  3756 | D        | Shot with a bolt by a yaktaur captain

Skill      XL: |  1  2  3  4  5  6  7  8  9 10 11 12 13 |
---------------+----------------------------------------+-----
Fighting       | 4 6 8 9 10 12 13 15 16 18 19 | 19.1
Armour         | 4 6 7 8 10 11 12 14 15 16 17 | 17.6
Shields        | 4 6 7 8 10 11 12 13 | 13.6
Invocations    | 3 6 8 9 11 12 14 15 17 19 20 | 20.2
Long Blades    | 5 9 12 13 | 13.4
Dodging        | 3 7 8 |  8.6
Axes           | |  2.9

Action                   |  1- 3 |  4- 6 |  7- 9 | 10-12 | 13-15 || total
-------------------------+-------+-------+-------+-------+-------++-------
Melee: Falchion          |    19 |    26 |       |       |       ||    45
       War axe           |     2 |       |       |       |       ||     2
       Long sword        |       |    26 |    61 |    32 |       ||   119
       Great sword       |       |       |       |    93 |     7 ||   100
       Demon blade       |       |       |       |       |     7 ||     7
Invok: Smiting           |       |     1 |    13 |    63 |    23 ||   100
       Resurrection      |       |       |       |     2 |       ||     2
       Give Item to Name |       |       |       |     2 |       ||     2
  Use: Potion            |     3 |       |    11 |    16 |     2 ||    32
       Scroll            |       |       |       |     9 |     1 ||    10
 Stab: Invisible         |       |       |     1 |       |       ||     1
       Distracted        |       |       |       |       |     1 ||     1
  Eat: Meat ration       |       |       |     1 |     1 |       ||     2
Armor: Scale mail        |    12 |    33 |       |       |       ||    45
       Chain mail        |       |    10 |    33 |   136 |    16 ||   195
Dodge: Dodged            |     6 |    27 |    25 |   145 |    31 ||   234
Block: Shield            |     8 |    55 |    38 |    28 |       ||   129
       Rpst.: Falchion   |     2 |     3 |       |       |       ||     5
       Long sword        |       |     2 |     4 |     3 |       ||     9
       Great sword       |       |       |       |    28 |     2 ||    30
